 Dungeon Sprint DCSS version 0.21.0-3-g78d12a8 (webtiles) character file.

5576 nuthulu the Blocker (level 10, -7/87 HPs)
             Began as a Gnoll Fighter on Jan 11, 2018.
             Was a High Priest of Makhleb.
             Mangled by Naevak the pandemonium lord (33 damage)
             ... in the Dungeon (Sprint V: "Ziggurat Sprint").
             The game lasted 00:03:36 (398 turns).

nuthulu the Blocker (Gnoll Fighter)                  Turns: 398, Time: 00:03:37

Health: -7/87      AC: 30    Str: 33    XL:     10   Next: 72%
Magic:  23/23      EV:  8    Int: 10    God:    Makhleb [*****.]
Gold:   0          SH: 32    Dex: 16    Spells: 27/27 levels left

rFire    . . .     SeeInvis +   F - +14 obsidian axe {chop, +Fly SInv *Curse} (curse)
rCold    . . .     Gourm    .   H - +18 shield of the Gong {rElec rN+ MR+ EV-5}
rNeg     + . .     Faith    .   G - +15 Maxwell's patent armour {-Cast -Tele rElec MR+ rCorr}
rPois    .         Spirit   .   (no helmet)
rElec    +         Reflect  .   (no cloak)
rCorr    +         Harm     .   (no gloves)
MR       ++...     NoTele   +   (no boots) Stlth ..........NoCast +
                                (no amulet)
HPRegen  0.24/turn              D - +6 ring of strength
MPRegen  0.18/turn              E - +6 ring of strength

@: mesmerised, studying Air Magic
A: distributed training, fangs 1, strong nose
a: Minor Destruction, Lesser Servant of Makhleb, Major Destruction, Greater
Servant of Makhleb, Renounce Religion, Evoke Flight


You were in the Dungeon.
You worshipped Makhleb.
Makhleb was extremely pleased with you.
You were not hungry.

You visited 1 branch

Inventory:

Hand Weapons
 a - a +0 war axe
 F - the cursed +14 obsidian axe (weapon) {chop, +Fly SInv *Curse}
   (You found it in the Dungeon)

   It inflicts extra damage upon your enemies.
   It lets you see invisible.
   It lets you fly.
   It curses itself when equipped.
   It has a curse placed upon it.
Armour
 b - a +0 scale mail
 c - a +0 shield
 G - the +15 Maxwell's patent armour (worn) {-Cast -Tele rElec MR+ rCorr}
   (You found it in the Dungeon)

   It insulates you from electricity.
   It affects your resistance to hostile enchantments.
   It prevents spellcasting.
   It prevents most forms of teleportation.
   It protects you from acid and corrosion.
 H - the +18 shield of the Gong (worn) {rElec rN+ MR+ EV-5}
   (You found it in the Dungeon)

   It affects your evasion (-5).
   It insulates you from electricity.
   It protects you from negative energy.
   It affects your resistance to hostile enchantments.
 L - the +4 shield "Hise Bae" {rF++ Dex+3}
   (You found it in the Dungeon)

   It affects your dexterity (+3).
   It greatly protects you from fire.
Jewellery
 z - a +6 ring of dexterity
 A - a +6 ring of dexterity
 B - a +6 ring of intelligence
 C - a +6 ring of intelligence
 D - a +6 ring of strength (left hand)
 E - a +6 ring of strength (right hand)
 K - the amulet of Xenod {Inacc *Contam Dex+4}
   (You found it in the Dungeon)

   [amulet of inaccuracy]

   It reduces the accuracy of all your attacks.
   It affects your dexterity (+4).
   It causes magical contamination when unequipped.
Wands
 w - a wand of disintegration (7)
 x - a wand of iceblast (7)
 y - a wand of acid (7)
Scrolls
 k - 4 scrolls of blinking
 q - 4 scrolls of amnesia
 r - 7 scrolls of fog
 s - a scroll of holy word
 t - 5 scrolls of identify
 u - 5 scrolls of remove curse
 v - 2 scrolls of fear
 I - a scroll of brand weapon
Potions
 d - 6 potions of might
 e - 9 potions of curing
 g - 10 potions of heal wounds
 h - 9 potions of haste
 i - 7 potions of magic
 j - 3 potions of berserk rage
 l - 2 potions of brilliance
 m - 2 potions of invisibility
 n - 4 potions of resistance
 p - 5 potions of agility
Books
 o - a manual of Air Magic
Comestibles
 f - 7 rations
 J - 2 chunks of flesh


   Skills:
 + Level 11.1 Fighting
 + Level 9.2 Short Blades
 + Level 9.2 Long Blades
 + Level 10.2 Axes
 + Level 9.2 Maces & Flails
 + Level 9.2 Polearms
 + Level 9.2 Staves
 + Level 9.2 Slings
 + Level 9.2 Bows
 + Level 9.2 Crossbows
 + Level 9.2 Throwing
 + Level 11.1 Armour
 + Level 9.2 Dodging
 + Level 9.2 Stealth
 + Level 11.1 Shields
 + Level 9.2 Unarmed Combat
 + Level 9.2 Spellcasting
 + Level 7.6 Conjurations
 + Level 7.6 Hexes
 + Level 7.6 Charms
 + Level 7.6 Summonings
 + Level 7.6 Necromancy
 + Level 7.6 Translocations
 + Level 7.6 Transmutations
 + Level 7.6 Fire Magic
 + Level 7.6 Ice Magic
 + Level 10.2 Air Magic
 + Level 7.6 Earth Magic
 + Level 7.6 Poison Magic
 + Level 10.0 Invocations
 + Level 9.2 Evocations


You had 27 spell levels left.
You didn't know any spells.

Dungeon Overview and Level Annotations

Branches:
Dungeon (1/1)

Altars:
Ashenzari
Cheibriados
Dithmenos
Elyvilon
Fedhas
Gozag
Hepliaklqana
Kikubaaqudgha
Makhleb
Nemelex Xobeh
Okawaru
Qazlal
Ru
Sif Muna
Trog
Uskayaw
Vehumet
Wu Jian
Xom
Yredelemnul
Zin
The Shining One
Beogh
Jiyva
Lugonu

Annotations:
D 1 transporter


Innate Abilities, Weirdness & Mutations

Your experience applies equally to all skills.
You have very sharp teeth.
Your uncanny sense of smell can sniff out nearby items.


Message History

You block the red devil's attack.
BOUMMMMG!
Visions of slaying Naevak flood into your mind.
You block Naevak's attack.
SHROANNG!
Your ice devil hits the orange demon!
The orange demon dies!
You slice the red devil!! You open a gate to Pandemonium!
A demon appears!
You bite the red devil.
The red devil is almost dead.
You completely miss Naevak.
Visions of slaying the red devil flood into your mind.
Naevak sneers, "Run away before doom catcheth thee!"
You block Naevak's attack.
BONNNG!
The red devil hops backward while attacking.
You block the red devil's attack.
SHROANNG!
Naevak hits you!!
You die...

▓...)....▓...)))..▓
▓.▓....▓.▓.....)..▓
▓...©....▓...©....▓
▓▓▓▓▓▓▓▓▓▓▓▓▓▓▓▓▓▓▓
▓..8©8..▓ ∆∆∆∆
▓...|...▓ ∆∆∆
▓..34[..▓ ▓..&....▓
▓..4@...▓ ▓....)..▓
▓.......▓ ▓.▓...▓.▓
▓...©...▓ ▓▓▓▓▓▓▓▓▓
∆ ∆∆∆ ∆∆∆


You could see Naevak, a red devil, a friendly sun demon and a friendly ice
devil.

Vanquished Creatures
  2 dancing weapons (D)
  2 deep elf knights (D)
  A deep elf mage (D)
  A smoke demon (D)
  A troll (D)
  3 merfolk (D)
  A tarantella (D)
  2 ogres (D)
  A scorpion (D)
  2 iron imps (D)
  An ufetubus (D)
17 creatures vanquished.

Vanquished Creatures (collateral kills)
  2 dancing weapons (D)
  2 deep elf archers (D)
  An ogre (D)
5 creatures vanquished.

Grand Total: 22 creatures vanquished

Notes
Turn   | Place    | Note
-------+----------+-------------------------------------------
     0 | D        | Found the +6 Majin-Bo {vamp, Archmagi MP+6 Int+6}
     0 | D        | Found the +7 great mace "Firestarter" {inner flame, rF++}
     0 | D        | nuthulu the Gnoll Fighter began the quest for the Orb.
     0 | D        | Reached XP level 1. HP: 23/23 MP: 1/1
     0 | D        | Found a deep blue altar of Sif Muna.
     0 | D        | Found a bloodstained altar of Trog.
     0 | D        | Found a sacrificial altar of Ru.
     0 | D        | Found a stormy altar of Qazlal.
     0 | D        | Found an iron altar of Okawaru.
     1 | D        | Found a sparkling altar of Nemelex Xobeh.
     1 | D        | Found a blossoming altar of Fedhas.
     3 | D        | Found a transporter.
     3 | D        | Found an ancient bone altar of Kikubaaqudgha.
     3 | D        | Found a viscous altar of Jiyva.
     3 | D        | Found a corrupted altar of Lugonu.
     3 | D        | Found a hazy altar of Hepliaklqana.
     3 | D        | Found a burning altar of Makhleb.
     3 | D        | Found an opulent altar of Gozag.
    27 | D        | Found the +9 heavy crossbow "Sniper" {velocity, Acc+∞ SInv}
    27 | D        | Found the +10 dark maul {crush}
    27 | D        | Found the +15 Maxwell's patent armour {-Cast -Tele rElec MR+ rCorr}
    27 | D        | Found the +18 shield of the Gong {rElec rN+ MR+ EV-5}
    27 | D        | Found the cursed +14 obsidian axe {chop, +Fly SInv *Curse}
    50 | D        | Found the +6 shillelagh "Devastator" {shatter}
    50 | D        | Found the +11 plutonium sword {*Contam Stlth-}
    50 | D        | Found the +8 lance "Wyrmbane" {slay drac, rPois rF+ rC+ AC+3}
    50 | D        | Found the +9 sword of Zonguldrok {reap}
    50 | D        | Found the cursed +13 scythe of Curses {drain, *Curse}
    50 | D        | Found the +0 sword of Power
    50 | D        | Found the +8 mace of Variability {chaos}
    50 | D        | Found the +7 Singing Sword
    50 | D        | Found the +7 longbow "Piercer" {penet, EV-2}
    54 | D        | Became a worshipper of Makhleb the Destroyer
    65 | D        | Reached skill level 5 in Axes
    65 | D        | Reached skill level 1 in Conjurations
    65 | D        | Reached skill level 1 in Hexes
    65 | D        | Reached skill level 1 in Charms
    65 | D        | Reached skill level 1 in Summonings
    65 | D        | Reached skill level 1 in Necromancy
    65 | D        | Reached skill level 1 in Translocations
    65 | D        | Reached skill level 1 in Transmutations
    65 | D        | Reached skill level 1 in Fire Magic
    65 | D        | Reached skill level 1 in Ice Magic
    65 | D        | Reached skill level 1 in Air Magic
    65 | D        | Reached skill level 1 in Earth Magic
    65 | D        | Reached skill level 1 in Poison Magic
    65 | D        | Reached XP level 2. HP: 31/31 MP: 1/5
   110 | D        | Entered arena 2.
   110 | D        | Noticed a scorpion
   110 | D        | Noticed a tarantella
   110 | D        | Found a transporter.
   112 | D        | Killed a tarantella
   112 | D        | Reached XP level 3. HP: 37/37 MP: 6/8
   112 | D        | Reached XP level 4. HP: 44/44 MP: 6/9
   112 | D        | Reached XP level 5. HP: 49/49 MP: 6/10
   155 | D        | Entered arena 3.
   155 | D        | Noticed a merfolk
   155 | D        | Noticed a merfolk
   155 | D        | Noticed a merfolk
   155 | D        | Found a transporter.
   164 | D        | Killed a merfolk
   164 | D        | Reached * piety under Makhleb
   164 | D        | Reached skill level 5 in Short Blades
   164 | D        | Reached skill level 5 in Long Blades
   164 | D        | Reached skill level 5 in Maces & Flails
   164 | D        | Reached skill level 5 in Polearms
   164 | D        | Reached skill level 5 in Staves
   164 | D        | Reached skill level 5 in Slings
   164 | D        | Reached skill level 5 in Bows
   164 | D        | Reached skill level 5 in Crossbows
   164 | D        | Reached skill level 5 in Throwing
   164 | D        | Reached skill level 5 in Dodging
   164 | D        | Reached skill level 5 in Stealth
   164 | D        | Reached skill level 5 in Unarmed Combat
   164 | D        | Reached skill level 5 in Spellcasting
   164 | D        | Reached skill level 5 in Invocations
   164 | D        | Reached skill level 5 in Evocations
   164 | D        | Reached XP level 6. HP: 36/57 MP: 11/13
   164 | D        | Killed a merfolk
   164 | D        | Reached skill level 5 in Air Magic
   164 | D        | Reached XP level 7. HP: 58/63 MP: 11/15
   169 | D        | Killed a merfolk
   180 | D        | Got the amulet of Xenod {Inacc *Contam Dex+4}
   189 | D        | Entered arena 4.
   189 | D        | Noticed a troll
   189 | D        | Found a transporter.
   191 | D        | Reached ** piety under Makhleb
   191 | D        | Reached skill level 5 in Conjurations
   191 | D        | Reached skill level 5 in Hexes
   191 | D        | Reached skill level 5 in Charms
   191 | D        | Reached skill level 5 in Summonings
   191 | D        | Reached skill level 5 in Necromancy
   191 | D        | Reached skill level 5 in Translocations
   191 | D        | Reached skill level 5 in Transmutations
   191 | D        | Reached skill level 5 in Fire Magic
   191 | D        | Reached skill level 5 in Ice Magic
   191 | D        | Reached skill level 5 in Earth Magic
   191 | D        | Reached skill level 5 in Poison Magic
   191 | D        | Reached XP level 8. HP: 71/71 MP: 15/17
   193 | D        | Killed a troll
   205 | D        | Entered arena 5.
   205 | D        | Noticed a trident of venom
   205 | D        | Noticed a deep elf knight
   205 | D        | Noticed a hand axe of chopping
   205 | D        | Noticed a deep elf archer
   205 | D        | Found a transporter.
   207 | D        | Killed a hand axe of chopping
   207 | D        | Reached *** piety under Makhleb
   207 | D        | Reached XP level 9. HP: 59/77 MP: 17/19
   211 | D        | Killed a trident of venom
   213 | D        | Killed a deep elf archer
   213 | D        | Reached skill level 10 in Fighting
   213 | D        | Reached skill level 10 in Armour
   213 | D        | Reached skill level 10 in Shields
   214 | D        | Killed a deep elf knight
   359 | D        | Entered arena 6.
   359 | D        | Noticed a deep elf mage
   359 | D        | Noticed a deep elf knight
   359 | D        | Noticed a long sword of holy wrath
   359 | D        | Noticed a deep elf archer
   359 | D        | Noticed a hand axe of freezing
   359 | D        | Found a transporter.
   363 | D        | Killed a hand axe of freezing
   363 | D        | Reached **** piety under Makhleb
   363 | D        | Reached XP level 10. HP: 55/86 MP: 22/22
   364 | D        | Killed a deep elf mage
   365 | D        | Killed a deep elf knight
   367 | D        | Killed a long sword of holy wrath
   367 | D        | Reached skill level 10 in Axes
   368 | D        | Killed a deep elf archer
   368 | D        | Reached ***** piety under Makhleb
   368 | D        | Reached skill level 10 in Air Magic
   376 | D        | Got the +4 shield "Hise Bae" {rF++ Dex+3}
   385 | D        | Entered arena 7.
   385 | D        | Noticed a smoke demon
   385 | D        | Noticed Naevak the pandemonium lord
   386 | D        | Found a transporter.
   388 | D        | Noticed an orange demon
   392 | D        | Killed a smoke demon
   392 | D        | Reached skill level 10 in Invocations
   398 | D        | Mangled by Naevak the pandemonium lord

Skill      XL: |  1  2  3  4  5  6  7  8  9 10 |
---------------+-------------------------------+-----
Fighting       | 7 8 9 10 11 | 11.1
Short Blades   | 2 3 5 6 7 8 9 |  9.2
Long Blades    | 2 3 5 6 7 8 9 |  9.2
Axes           | 5 6 7 8 9 10 | 10.2
Maces & Flails | 2 3 5 6 7 8 9 |  9.2
Polearms       | 2 3 5 6 7 8 9 |  9.2
Staves         | 2 3 5 6 7 8 9 |  9.2
Slings         | 2 3 5 6 7 8 9 |  9.2
Bows           | 2 3 5 6 7 8 9 |  9.2
Crossbows      | 2 3 5 6 7 8 9 |  9.2
Throwing       | 2 3 5 6 7 8 9 |  9.2
Armour         | 7 8 9 10 11 | 11.1
Dodging        | 2 3 5 6 7 8 9 |  9.2
Stealth        | 2 3 5 6 7 8 9 |  9.2
Shields        | 7 8 9 10 11 | 11.1
Unarmed Combat | 2 3 5 6 7 8 9 |  9.2
Spellcasting   | 2 3 5 6 7 8 9 |  9.2
Conjurations   | 1 3 4 5 6 7 |  7.6
Hexes          | 1 3 4 5 6 7 |  7.6
Charms         | 1 3 4 5 6 7 |  7.6
Summonings     | 1 3 4 5 6 7 |  7.6
Necromancy     | 1 3 4 5 6 7 |  7.6
Translocations | 1 3 4 5 6 7 |  7.6
Transmutations | 1 3 4 5 6 7 |  7.6
Fire Magic     | 1 3 4 5 6 7 |  7.6
Ice Magic      | 1 3 4 5 6 7 |  7.6
Air Magic      | 1 3 4 5 6 7 9 10 | 10.2
Earth Magic    | 1 3 4 5 6 7 |  7.6
Poison Magic   | 1 3 4 5 6 7 |  7.6
Invocations    | 2 4 5 6 7 9 10 | 10.0
Evocations     | 2 3 5 6 7 8 9 |  9.2

Action                   |  1- 3 |  4- 6 |  7- 9 | 10-12 || total
-------------------------+-------+-------+-------+-------++-------
Melee: Broad axe         |     2 |     8 |    18 |    13 ||    41
       Bite              |     1 |       |     1 |     2 ||     4
  Use: Potion            |     1 |       |       |     1 ||     2
 Stab: Distracted        |       |       |     2 |       ||     2
Armor: Plate armour      |     1 |     4 |     4 |    11 ||    20
Dodge: Dodged            |       |     1 |     1 |     5 ||     7
Block: Shield            |     1 |    21 |    32 |    36 ||    90
